Map: Tourmaline LE

Players

BratOK (Brat_OK)

  • Race: Terran Terran
  • League: Grandmaster
  • Spawn Location: 1:00

A.I. 2 (Elite) - Winner!

  • Race: Terran Terran
  • Spawn Location: 7:00

VOD

Have the link to the VOD?

Description

Time

  • Played on: Jan. 18, 2026, 5:38 a.m.
  • Length: 7:19
Show
View Real Time Build Order
Export as new Build Order

BratOK Terran 

Build Orders: 2 Factory, Cyclone Opening, Mech 

Get SALT Encoding   

  12  0:00  SCV  
  13  0:12  SCV  
  14  0:17  Supply Depot  
  14  0:24  SCV  
  15  0:29  Refinery  
  15  0:38  SCV  
  16  0:44  Barracks  
  16  0:50  SCV  
  16  0:55  Refinery  
  17  1:03  SCV  
  18  1:15  SCV  
  19  1:31  Factory, Orbital Command  
  19  1:34  Marine  
  20  1:46  Supply Depot  
  20  1:52  Barracks Tech Lab  
  20  1:57  SCV  
  21  2:09  SCV  
  22  2:20  Cyclone  
  22  2:22  SCV  
  26  2:25  Mag-Field Accelerator  
  26  2:29  Supply Depot  
  26  2:37  SCV  
  26  2:41  Command Center  
  27  2:53  Cyclone  
  27  2:56  SCV  
  31  3:09  SCV  
  31  3:12  Factory  
  32  3:21  SCV  
  33  3:29  Cyclone  
  33  3:33  SCV  
  37  3:41  Refinery  
  37  3:47  SCV  
  38  3:55  Orbital Command  
  38  3:59  SCV  
  39  4:05  Cyclone, Factory Tech Lab  
  42  4:11  SCV  
  43  4:23  SCV  
  43  4:24  SCV  
  45  4:25  Factory  
  45  4:28  Cyclone  
  48  4:35  SCV  
  48  4:36  SCV  
  48  4:38  Supply Depot  
  50  4:39  Cyclone  
  53  4:50  SCV  
  54  4:55  Supply Depot  
  55  5:00  SCV  
  55  5:02  Supply Depot, SCV  
  55  5:03  Cyclone  
  59  5:12  SCV, Factory Reactor  
  60  5:14  SCV  
  60  5:20  Cyclone  
  64  5:24  SCV  
  64  5:25  Refinery  
  64  5:26  SCV  
  64  5:27  Command Center  
  65  5:36  SCV  
  65  5:38  Siege Tank  
  65  5:39  SCV  
  70  5:45  Supply Depot  
  70  5:48  SCV  
  71  5:55  Starport  
  71  5:57  Siege Tank  
  74  5:58  Hellion  
  76  6:07  Supply Depot  
  76  6:09  SCV x2  
  76  6:11  Siege Tank  
  81  6:18  Supply Depot  
  81  6:33  Supply Depot  
  81  6:37  SCV x2  
  83  6:41  Supply Depot  
  83  6:44  Siege Tank  
  83  6:45  Siege Tank  
  89  6:47  Factory Reactor  
  89  6:49  SCV  
  90  6:55  Barracks  
Show
View Real Time Build Order
Export as new Build Order

A.I. 2 (Elite) Terran - Winner!

Build Orders:  

Get SALT Encoding   

  12  0:00  SCV  
  13  0:13  SCV  
  14  0:19  Supply Depot  
  14  0:25  SCV  
  15  0:40  SCV  
  16  0:52  SCV  
  16  0:54  Refinery  
  17  0:57  Barracks  
  17  1:04  SCV  
  18  1:16  SCV  
  19  1:26  Command Center  
  19  1:36  Supply Depot  
  19  1:38  SCV  
  20  1:46  Marine  
  21  1:58  Factory  
  21  2:10  SCV, Barracks  
  21  2:15  Marine  
  23  2:22  SCV  
  24  2:27  Supply Depot  
  24  2:34  Marine, SCV  
  26  2:42  Factory Tech Lab, SCV  
  27  2:52  SCV, Marine  
  29  3:00  Orbital Command  
  29  3:06  Refinery  
  29  3:12  Orbital Command  
  29  3:14  Marine  
  29  3:17  Marine  
  31  3:26  SCV  
  31  3:32  Marine  
  32  3:35  Marine  
  32  3:38  SCV x2  
  35  3:48  Barracks  
  35  3:49  Marine  
  35  3:50  SCV x2  
  35  3:53  Marine  
  37  4:02  SCV x2  
  37  4:11  Starport, Barracks Tech Lab  
  37  4:12  Barracks Tech Lab  
  37  4:13  Hellion  
  37  4:15  SCV  
  36  4:19  SCV  
  34  4:27  SCV  
  34  4:29  Marine  
  34  4:30  Marine  
  34  4:32  SCV  
  34  4:34  Marine  
  35  4:39  SCV  
  35  4:44  SCV  
  34  4:47  Marine  
  34  4:48  Marine  
  34  4:51  SCV  
  34  4:52  Marine  
  34  4:56  SCV  
  34  5:00  Viking  
  34  5:03  SCV  
  34  5:04  Marine  
  34  5:06  Marine  
  38  5:10  Marine  
  40  5:15  SCV  
  40  5:26  Supply Depot  
  40  5:27  Marine  
  39  5:48  Marauder  
  41  5:53  Command Center  
  41  5:56  Supply Depot  
  40  6:01  Marauder  
  40  6:02  Marine  
  43  6:10  SCV, Marauder  
  45  6:22  SCV, Marauder  
  48  6:29  Supply Depot  
  48  6:32  Marauder  
  50  6:34  SCV  
  51  6:44  Marauder  
  51  6:46  SCV  
  54  6:51  Marine  
  54  6:53  Marine  
  56  6:58  SCV  
  57  7:05  Supply Depot, SCV  
Tags
 
Composition
Mech
Matchup
TvT
Player
Brat_OK
Race
Terran
Spawn Locations
Cross Positions
Add a new tag
Caveats
  • Supply blocks, unpowered buildings, or Contaminate may cause inaccurate times.
  • Supply counts are checked every 10 seconds.